 Dungeon Crawl Stone Soup version 0.30-a0-469-g84de5afbc5 (webtiles) character file.

Game seed: 9393001655125761041

277 NinjaNoafa the Caller (level 6, 0/24 HPs)
             Began as a Felid Summoner on Dec 19, 2022.
             Slain by a hobgoblin (3 damage)
             ... led by Robin
             ... on level 3 of the Dungeon.
             The game lasted 00:06:56 (5045 turns).

NinjaNoafa the Caller (Felid Summoner)              Turns: 5045, Time: 00:06:57

Health: 0/24       AC:  2    Str:  4    XL:     6   Next: 4%
Magic:  5/12       EV: 17    Int: 18    God:
Gold:   179        SH:  0    Dex: 17    Spells: 2/11 levels left
                                        Lives:  0   Deaths: 1

rFire   . . .      SeeInvis +    (weapon unavailable)
rCold   . . .      Faith    .    (shield unavailable)
rNeg    . . .      Spirit   .    (body armour unavailable)
rPois   .          Reflect  .    (helmet unavailable)
rElec   .          Harm     .    (cloak unavailable)
rCorr   .          Rampage  .    (gloves unavailable)
Will    .....                    (boots unavailable)
Stlth   ++........               (no amulet)
HPRegen 0.24/turn                (no ring)
MPRegen 0.13/turn                (no ring)

@: quick
A: very small, claws 1, fangs 3, see invisible, speed 1, shaggy fur 2, stealthy
paws, no weapons or thrown items, no armour, multi-lived
a: no special abilities


You were on level 3 of the Dungeon.
You visited 1 branch of the dungeon, and saw 4 of its levels.
You also visited: Sewer.

You collected 179 gold pieces.

Inventory:

Jewellery
 h - a +4 ring of evasion
Potions
 a - 2 potions of flight
 b - a potion of attraction {unknown}
 d - 3 potions of berserk rage {unknown}
 e - a potion of brilliance {unknown}
 f - 2 potions of haste {unknown}
 i - a potion of might {unknown}
 j - a potion of lignification {unknown}
 k - a potion of degeneration {unknown}
 l - a potion of ambrosia {unknown}
 n - 2 potions of curing


   Skills:
 - Level 2.6 Dodging
 - Level 2.6 Stealth
 - Level 3.4 Spellcasting
 - Level 5.0 Hexes
 + Level 6.3 Summonings


You had 2 spell levels left.
You knew the following spells:

 Your Spells              Type           Power      Damage    Failure   Level
a - Summon Small Mammal   Summ           100%       N/A       1%          1
b - Call Imp              Summ           26%        N/A       1%          2
c - Call Canine Familiar  Summ           26%        N/A       3%          3
d - Summon Guardian Gole  Hex/Summ       23%        N/A       4%          3

Your spell library contained the following spells:

 Spells                   Type           Power      Damage    Failure   Level
 Summon Lightning Spire   Summ/Air       14%        N/A       38%         4


Dungeon Overview and Level Annotations

Branches:
Dungeon (4/15)              Sewer (visited)
 Temple: D:4-7

Altars:
Yredelemnul
The Shining One

Shops:
D:2 *

Annotations:
D:3 2 transporters, Eustachio; GiantSquids's ghost, amateur TeHu
D:4 Robin


Innate Abilities, Weirdness & Mutations

You have sharp claws.
You have razor-sharp teeth.
You have supernaturally acute eyesight. (SInv)
You cover ground quickly. (Speed+)
You are covered in thick fur. (AC +2)
Your paws help you pounce on unaware monsters.
You are incapable of wielding weapons or throwing items.
You cannot wear armour.
You gain extra lives every three experience levels.


Message History

The hobgoblin closely misses you. The goblin closely misses you.
The goblin completely misses you.
You climb upwards.
Level annotation: 2 transporters, GiantSquids's ghost, amateur TeHu
There is a stone staircase leading down here.
Okay, then.
You aren't carrying any scrolls.
Unknown command.
You feel much better. The goblin hits you but does no damage.
The hobgoblin closely misses you. Eustachio completely misses you.
The goblin misses you.
Casting: Summon Guardian Golem (quite dangerous; 4% risk of failure)
Confirm with . or Enter, or press ? or * to list all spells.
The goblin hits you with a +0 club. The hobgoblin barely misses you.
Eustachio completely misses you. The goblin hits you with a +0 dagger.
Casting: Call Canine Familiar (quite dangerous; 3% risk of failure)
Confirm with . or Enter, or press ? or * to list all spells.
A beastly little devil appears in a puff of frigid air.
Your hound misses the goblin. The hobgoblin misses you.
Eustachio completely misses you.
The goblin hits your white imp but does no damage.
The goblin closely misses you. The goblin completely misses you.
Casting: Call Imp (safe; 1% risk of failure)
Confirm with . or Enter, or press ? or * to list all spells.
Your hound misses the goblin. The hobgoblin closely misses you.
Eustachio hits you with a +0 rapier!
* * * LOW HITPOINT WARNING * * *
The goblin completely misses you. The goblin misses you.
The goblin hits your white imp but does no damage.
Your white imp gestures at the goblin.
The puff of frost hits the goblin.
The goblin dies!
Your hound bites the goblin.
The goblin dies!
Casting: Summon Small Mammal (safe; 1% risk of failure)
Confirm with . or Enter, or press ? or * to list all spells.
The goblin hits you but does no damage.
Eustachio casts a spell.
Eustachio blinks!
The hobgoblin hits you.
You die...

#.#.# #####..###.##.######
#.#.#####.#.#.#.#.#.#.#.#.#.
#.#......#.#.#.#.#.#.#.#.#.#
#.#######.#.#.#.#.#.#.#.#.#.
#........#.#.#.#@#.#.#.#.#.#
#########.#.#.#(#.#.#.#.#.#.
##.#)#.#.#.#.#.#.#.#
#.#h#5#.#.#.#.#.#.#.
##g@g#.#.#.#.#.#.#.#
#r#ยง#.#.#.#.#.#.#.#.
######r#+#.#.#.#.#.#.#.#
#...........#.#.#.#.#.#.
#..........#.#.#+#.#.#.#
#..........'#.....#.#.#.
#..........#.#....+#....
#####+#+#.<.#.....######
##.#.#.#.#.#+#.#..


You could see Eustachio (ally target), a hobgoblin (ally target), a goblin (ally
target), a friendly hound (summoned), a friendly white imp (summoned), a
friendly quokka (summoned) and a friendly rat (summoned).

Vanquished Creatures (collateral kills)
  Menkaure (D:4)
  Crazy Yiuf (D:2)
  Jessica (D:2)
  An iguana (D:4)
  2 adders
  4 river rats
  3 worms
  A dart slug (D:3)
  3 orcs (D:4)
  7 ball pythons
  7 bats (D:1)
  3 endoplasms
  6 giant cockroaches
  13 goblins
  8 hobgoblins
  2 jackals (Sewer)
  A quokka (D:2)
  3 frilled lizards (D:1)
  8 kobolds
  8 rats
83 creatures vanquished.

Vanquished Creatures (others)
  A kobold brigand (Sewer)
  A kobold (Sewer)
2 creatures vanquished.

Grand Total: 85 creatures vanquished

Notes
Turn   | Place    | Note
-------+----------+-------------------------------------------
     0 | D:1      | NinjaNoafa the Felid Summoner began the quest for the Orb.
     0 | D:1      | Reached XP level 1. HP: 7/7 MP: 4/4
   126 | D:1      | You fall into a shaft and drop 1 floor!
   232 | D:2      | Found a runed translucent door.
   354 | D:1      | Reached XP level 2. HP: 11/11 MP: 4/6
  1334 | D:2      | Reached XP level 3. HP: 11/14 MP: 5/8
  1448 | D:2      | Found Tiwke's Assorted Antiques.
  1633 | D:2      | Learned a level 2 spell: Call Imp
  1637 | D:2      | Learned a level 3 spell: Call Canine Familiar
  1889 | D:2      | Noticed Jessica
  1902 | D:2      | Killed Jessica
  2051 | D:2      | Noticed Crazy Yiuf
  2100 | D:3      | Found a basalt altar of Yredelemnul.
  2208 | D:3      | Reached XP level 4. HP: 7/18 MP: 4/9
  2347 | D:3      | Found a transporter.
  2348 | D:3      | Noticed GiantSquids's ghost (amateur TeHu)
  2349 | D:3      | Found a transporter.
  2349 | D:3      | Identified the +0 dire flail of Abomination {drain, rElec
                  | MP+9}
  2349 | D:3      | Noticed an ogre
  2350 | D:3      | Noticed an ogre
  2364 | D:3      | Learned a level 3 spell: Summon Guardian Golem
  2565 | D:3      | Reached skill level 5 in Summonings
  3320 | D:2      | Killed Crazy Yiuf
  3453 | D:4      | Noticed Menkaure
  3469 | D:4      | Killed Menkaure
  3470 | D:4      | Reached XP level 5. HP: 15/21 MP: 5/11
  3520 | D:4      | Found a glowing golden altar of the Shining One.
  3577 | D:4      | Found a glowing drain.
  3585 | D:4      | Noticed Eustachio
  3710 | D:4      | Reached skill level 5 in Hexes
  3732 | D:4      | Gained mutation: You are covered in thick fur. (AC +2)
                  | [Felid growth]
  3732 | D:4      | Reached XP level 6. HP: 24/24 MP: 7/12
  3782 | Sewer    | Entered a sewer
  3940 | Sewer    | Succumbed to a kobold brigand's curare-tipped dart
  3941 | Sewer    | Reached XP level 5. HP: -1/21 MP: 8/11
  4020 | Sewer    | Reached skill level 6 in Summonings
  4195 | Sewer    | Found a white marble altar of Elyvilon.
  4821 | D:4      | Noticed Robin
  4825 | D:4      | Reached XP level 6. HP: 24/24 MP: 1/12
  5045 | D:3      | Slain by a hobgoblin

Illustrated notes

Levels and vault maps discovered:
D:1:      tarquinn_simple_flora_water_d, layout_loops_ring
D:2:      layout_loops_corners, serial_shops, shop, uniq_jessica,
          uniq_crazy_yiuf_cottage
D:3:      layout_basic, mainiacjoe_overflow_paths, gammafunk_ghost_smash
D:4:      layout_loops_ring, tso_metal_star, portal_sewer_entry_c,
          chequers_serial_rivers_micro_c, chequers_garden, supply_closet_lemuel,
          minmay_manual_monstrance, uniq_robin, uniq_menkaure, uniq_eustachio

Skill      XL: |  1  2  3  4  5 |
---------------+----------------+-----
Spellcasting   | 3 |  3.4
Summonings     | 5 6 |  6.3
Hexes          | 4 5 |  5.0
Dodging        | |  2.6
Stealth        | |  2.6

Action                   |  1- 3 |  4- 6 || total
-------------------------+-------+-------++-------
Melee: Unarmed           |     2 |     2 ||     4
 Cast: Summon Small Mamm |    63 |    39 ||   102
       Call Imp          |     5 |    20 ||    25
       Call Canine Famil |       |    24 ||    24
       Summon Guardian G |       |    10 ||    10
  Use: Potion            |       |     2 ||     2
       Scroll            |       |     3 ||     3
Armor: Skin              |     3 |     9 ||    12
Dodge: Dodged            |    47 |    88 ||   135

Table legend: (Time is in decaauts)
 A = Elapsed time spent in this place.
 B = Non-inter-level travel time spent in this place.
 C = Inter-level travel time spent in this place.
 D = Time resting spent in this place.
 E = Time spent auto-exploring this place.
 F = Levels seen in this place.
 G = Mean time per level.
                   A        B        C        D        E       F      G
               +--------+--------+--------+--------+--------+-----+--------+
         Total |   4512 |   4143 |    369 |     83 |   3011 |   5 |  902.4 |
       Dungeon |   4058 |   3689 |    369 |     83 |   2754 |   4 | 1014.5 |
         Sewer |    454 |    454 |      0 |      0 |    257 |   1 |  454.0 |
               +--------+--------+--------+--------+--------+-----+--------+

Top non-repeatable levels by time:
     D:3: 1508 daAuts
     D:2: 1146 daAuts
     D:1: 818 daAuts
     D:4: 584 daAuts
   Sewer: 454 daAuts
